 Dungeon Crawl Stone Soup version 0.28-a0-422-gd71735cc25 (webtiles) character file.

Game seed: 7392992440036922318

126 porpoise the Magician (level 4, -3/22 (24) HPs)
             Began as a Deep Elf Conjurer on Sept 9, 2021.
             Slain by a wight (9 damage)
             ... on level 3 of the Dungeon.
             The game lasted 00:08:27 (3203 turns).

porpoise the Magician (Deep Elf Conjurer)           Turns: 3203, Time: 00:08:28

HP:   -3/22 (24)    AC:  4    Str:  4    XL:     4   Next: 83%
MP:   7/13          EV: 12    Int: 24    God:
Gold: 93            SH:  0    Dex: 13    Spells: 2/13 levels left

rFire   . . .      SeeInvis .   b - +0 hunting sling
rCold   . . .      Faith    .   (no shield)
rNeg    . . .      Spirit   .   k - +0 robe
rPois   .          Reflect  .   (no helmet)
rElec   .          Harm     .   m - +1 cloak
rCorr   .          Rampage  .   (no gloves)
Will    .....                   (no boots)
Stlth   ++........              (no amulet)
HPRegen 0.07/turn               (no ring)
MPRegen 0.13/turn               (no ring)

@: drained
A: no striking features
a: no special abilities


You were on level 3 of the Dungeon.
You visited 1 branch of the dungeon, and saw 4 of its levels.

You collected 93 gold pieces.

Inventory:

Hand Weapons
 a - a +0 short sword
 b - a +0 hunting sling (weapon)
Missiles
 g - 140 stones (quivered ammo)
 j - 14 poisoned darts
Armour
 k - a +0 robe (worn)
 m - a +1 cloak (worn)
Scrolls
 c - a scroll of fear {unknown}
 d - 3 scrolls of teleportation {unknown}
 e - a scroll of blinking {unknown}
 f - a scroll of amnesia {unknown}
 h - a scroll of vulnerability {unknown}
 i - a scroll of identify {unknown}
 o - a scroll of noise {unknown}
 p - a scroll of immolation {unknown}
Potions
 l - 3 potions of mutation {unknown}
 n - a potion of lignification {unknown}


   Skills:
 - Level 2.4 Dodging
 - Level 2.4 Stealth
 - Level 5.2 Spellcasting
 - Level 5.0 Conjurations
 + Level 2.1 Hexes
 + Level 1.7 Translocations


You had 2 spell levels left.
You knew the following spells:

 Your Spells              Type           Power      Damage    Failure   Level
a - Magic Dart            Conj           100%       1d8       1%          1
b - Searing Ray           Conj           60%        2d6       1%          2
c - Fulminant Prism       Conj/Hex       11%        3d9       21%         4
d - Iskenderun's Mystic   Conj/Tloc      22%        2d6       22%         4

Your spell library contained the following spells:

 Spells                   Type           Power      Damage    Failure   Level
 Dazzling Flash           Conj/Hex       46%        N/A       6%          3
 Dispersal                Tloc           7%         N/A       100%        6
 Disjunction              Tloc           7%         N/A       100%        8


Dungeon Overview and Level Annotations

Branches:
Dungeon (4/15)
 Temple: D:4-7

Altars:


Message History

Found 4 gold pieces.
There is a stone staircase leading up here.
There are monsters nearby!
Casting: Searing Ray (safe; 1% risk of failure)
Confirm with . or Enter, or press ? or * to list all spells.
Aiming: Searing Ray (safe; 1% risk of failure)
Press: ? - help, Shift-Dir - straight line, f - wight
Aim: a wight, wielding a +5 great sword and wearing a +0 robe (dormant, 100% to hit)
The searing ray hits the wight.
The wight is moderately damaged.
The searing ray hits the wight.
The wight is lightly damaged. (Press . to maintain the ray.)
A wight comes into view.
It is wielding a +1 halberd of freezing.
The searing ray hits the wight but does no damage.
The searing ray hits the wight!
The wight is severely damaged.
The wight hits you with a +1 halberd of freezing!
The wight freezes you.
The searing ray hits the wight.
The wight is almost destroyed.
You finish channelling your searing ray.
The wight closely misses you. The wight barely misses you.
The wight hits you with a +2 great sword.
* * * LOW HITPOINT WARNING * * *
You feel drained.
* * * LOW HITPOINT WARNING * * *
The wight misses you.
You climb upwards.
There is a stone staircase leading down here.
Casting: Searing Ray (safe; 1% risk of failure)
Confirm with . or Enter, or press ? or * to list all spells.
Aiming: Searing Ray (safe; 1% risk of failure)
Press: ? - help, Shift-Dir - straight line, f - wight
Aim: a wight, wielding a +1 halberd of freezing and wearing a +0 robe (almost destroyed, 79% to hit)
The searing ray hits the wight.
You destroy the wight! (Press . to maintain the ray.)
The wight hits you with a +2 great sword!
You die...

######
.....##################
......................#
...#..##....#......##.#
##.#..##....#......##.#
.#.#..##....#........(#
.#.#..####+######.....#
...........######.....###
...............z@.......#
#####
###.#......#####).....###
#...# ###..#######
#.###### #.###
.....###### #.# #.#
#.####
.........<######.###.##
#..[..
......######..........#
#.###. .......#
#..##.#.#..# #.#...
.....#.# #..##.#....#
#...#.
.....#.#####..##.###).##
###.#.


You could see a wight.

Vanquished Creatures
  A wight (D:3)
  Crazy Yiuf (D:2)
  An adder (D:2)
  2 dart slugs
  6 orcs (D:3)
  6 ball pythons
  8 endoplasms
  3 giant cockroaches
  15 goblins
  4 hobgoblins
  6 jackals (D:2)
  A quokka (D:1)
  8 bats
  A frilled lizard (D:2)
  A kobold (D:1)
  7 rats
71 creatures vanquished.

Vanquished Creatures (others)
  A fungus (D:2)
1 creature vanquished.

Grand Total: 72 creatures vanquished

Notes
Turn   | Place    | Note
-------+----------+-------------------------------------------
     0 | D:1      | porpoise the Deep Elf Conjurer began the quest for the Orb.
     0 | D:1      | Reached XP level 1. HP: 10/10 MP: 6/6
   309 | D:1      | Found a faded altar of an unknown god.
   330 | D:1      | Reached XP level 2. HP: 15/15 MP: 5/8
   360 | D:1      | Learned a level 2 spell: Searing Ray
  1032 | D:2      | Reached XP level 3. HP: 19/19 MP: 8/10
  1038 | D:2      | Reached skill level 5 in Conjurations
  1521 | D:2      | Reached skill level 5 in Spellcasting
  1885 | D:2      | Reached XP level 4. HP: 24/24 MP: 10/13
  1912 | D:2      | Learned a level 4 spell: Fulminant Prism
  1917 | D:2      | Learned a level 4 spell: Iskenderun's Mystic Blast
  2165 | D:2      | Found a runed translucent door.
  2166 | D:2      | Noticed Crazy Yiuf
  2171 | D:2      | Killed Crazy Yiuf
  2172 | D:2      | Reached skill level 1 in Hexes
  2172 | D:2      | Reached skill level 1 in Translocations
  3203 | D:3      | Slain by a wight

Illustrated notes

Levels and vault maps discovered:
D:1:      lightli_molten_gateway, layout_loops_ring,
          chequers_ecumenical_altar_twisty
D:2:      layout_rooms, uniq_crazy_yiuf_cottage
D:3:      layout_basic
D:4:      layout_loops_ring, mainiacjoe_overflow_six_doors_small,
          mainiacjoe_overflow_alcove_4

Skill      XL: |  1  2  3  4 |
---------------+-------------+-----
Spellcasting   | 4 5 |  5.2
Conjurations   | 5 |  5.0
Hexes          | 2 |  2.1
Translocations | 1 |  1.7
Dodging        | |  2.4
Stealth        | |  2.4

Action                   |  1- 3 |  4- 6 || total
-------------------------+-------+-------++-------
Melee: Short sword       |     1 |     6 ||     7
 Fire: Hunting sling     |    20 |    18 ||    38
 Cast: Magic Dart        |    50 |     5 ||    55
       Searing Ray       |    10 |    14 ||    24
 Stab: Sleeping          |     1 |       ||     1
Armor: Robe              |     1 |     1 ||     2
Dodge: Dodged            |     2 |     3 ||     5

Table legend: (Time is in decaauts)
 A = Elapsed time spent in this place.
 B = Non-inter-level travel time spent in this place.
 C = Inter-level travel time spent in this place.
 D = Time resting spent in this place.
 E = Time spent auto-exploring this place.
 F = Levels seen in this place.
 G = Mean time per level.
                   A        B        C        D        E       F      G
               +--------+--------+--------+--------+--------+-----+--------+
         Total |   3208 |   3148 |     60 |   1214 |   1586 |   4 |  802.0 |
       Dungeon |   3208 |   3148 |     60 |   1214 |   1586 |   4 |  802.0 |
               +--------+--------+--------+--------+--------+-----+--------+

Top non-repeatable levels by time:
     D:2: 1321 daAuts
     D:1: 1028 daAuts
     D:3: 853 daAuts
     D:4: 5 daAuts
